 Dungeon Sprint DCSS version 0.28-a0-239-g68911e0c57 (webtiles) character file.

Game seed: 4154800911376409336

66776 MikeHunt the Warrior (level 14, -1/137 (144) HPs)
             Began as a Palentonga Fighter on Aug 23, 2021.
             Was the Champion of Okawaru.
             Killed from afar by a shadow dragon (30 damage)
             ... with a bolt of negative energy
             ... in the Dungeon (Sprint VII: "The Pits").
             The game lasted 00:20:29 (5333 turns).

MikeHunt the Warrior (Palentonga Fighter)           Turns: 5333, Time: 00:20:29

HP:   -1/137 (144)  AC: 38    Str: 19    XL:     14   Next: 80%
MP:   16/21         EV: 19    Int:  6    God:    Okawaru [******]
Gold: 41            SH: 14    Dex: 20    Spells: 13/13 levels left

rFire   . . .      SeeInvis +   m - +2 war axe (vamp) {!w}
rCold   + . .      Faith    .   c - +0 kite shield
rNeg    . . .      Spirit   .   r - +4 chain mail
rPois   .          Reflect  .   v - +2 hat
rElec   +          Harm     .   L - +0 cloak {Stlth+} {god gift}
rCorr   .          Rampage  .   (no gloves)
Will    +....      NoTele   +   s - +0 barding of the Trees {god gift, rElec rC+ Int-5 Dex+4}
Stlth   +.........              (no amulet)
HPRegen 0.32/turn               n - +3 ring of evasion
MPRegen 0.17/turn               o - +3 ring of dexterity

@: heroic, finesse-ful, untranslocatable, lightly drained, curled up
A: large, rugged brown scales 3, see invisible, deformed body, roll 1, armoured
tail, reflexive curl
a: Rolling Charge, Renounce Religion, Heroism, Finesse, Duel


You were in the Dungeon.
You worshipped Okawaru.
Okawaru was exalted by your worship.
You visited 1 branch You collected 41 gold pieces.

Inventory:

Hand Weapons
 a - a +0 war axe
 m - a +2 vampiric war axe (weapon) {!w}
 q - a +1 broad axe of freezing
 t - the +9 hunting sling "Extup" {god gift, freeze, Dex+5}
   (Okawaru gifted it to you in the Dungeon)

   Any ammunition fired from it freezes those it strikes, dealing additional
   cold damage.
   It can also slow down cold-blooded creatures.
   Dex:       It affects your dexterity (+5).
Missiles
 i - 11 silver javelins
 u - 33 stones
 K - 9 javelins
Armour
 b - a +0 scale mail
 c - a +0 kite shield (worn)
 l - a +3 scale mail
 r - a +4 chain mail (worn)
 s - the +0 barding of the Trees (worn) {god gift, rElec rC+ Int-5 Dex+4}
   (Okawaru gifted it to you in the Dungeon)

   Int:       It affects your intelligence (-5).
   Dex:       It affects your dexterity (+4).
   rC:        It protects you from cold.
   rElec:     It insulates you from electricity.
 v - a +2 hat (worn)
 L - a +0 cloak of stealth (worn) {god gift}
Jewellery
 f - a ring of ice
 n - a +3 ring of evasion (left hand)
 o - a +3 ring of dexterity (right hand)
 w - an amulet of magic regeneration
 x - a ring of protection from fire
 z - a ring of poison resistance
 G - the amulet "Uppub" {Faith rN+ Str+3}
   (You found it in the Dungeon)

   [amulet of faith]

   It allows you to gain divine favour quickly.
   Str:       It affects your strength (+3).
   rN:        It protects you from negative energy.
Wands
 H - a wand of acid (6)
Scrolls
 j - 4 scrolls of blinking
 y - 2 scrolls of identify
 A - a scroll of enchant weapon
 D - 2 scrolls of fog
 E - a scroll of fear
 F - 2 scrolls of enchant armour
Potions
 d - 3 potions of might
 e - 12 potions of curing
 g - a potion of haste
 h - 4 potions of magic
 k - a potion of berserk rage
 p - 2 potions of brilliance
 B - a potion of lignification
 C - a potion of mutation
Miscellaneous
 I - a tin of tremorstones (2/2)
 J - a phial of floods


   Skills:
 + Level 20.2(25.2) Fighting
 - Level 18.0(23.0) Axes
 + Level 17.5(22.5) Armour
 + Level 17.3(22.3) Dodging
 - Level 9.0(14.0) Shields
 - Level 10.0 Invocations


You had 13 spell levels left.
You didn't know any spells.
Your spell library contained the following spells:

 Spells                   Type           Power      Damage    Failure   Level
 Magic Dart               Conj           0%         1d3       88%         1
 Pain                     Necr           0%         1d4       88%         1
 Sandblast                Erth           0%         2d4       88%         1
 Corpse Rot               Necr/Air       N/A        N/A       95%         2
 Passwall                 Tmut/Erth      0%         N/A       95%         2
 Poisonous Vapours        Pois/Air       0%         N/A       95%         2
 Searing Ray              Conj           0%         3d3       95%         2
 Sublimation of Blood     Necr           0%         N/A       95%         2
 Wereblood                Tmut           0%         N/A       95%         2
 Fulminant Prism          Conj/Hex       0%         3d6       100%        4
 Lee's Rapid Deconstruct  Erth           0%         3d5*      100%        5
 Death Channel            Necr           Unusable   N/A       N/A         6
 Summon Hydra             Summ           Unusable   N/A       N/A         7

Dungeon Overview and Level Annotations

Branches:
Dungeon (1/1)

Altars:
Ashenzari
Cheibriados
Dithmenos
Elyvilon
Fedhas
Gozag
Hepliaklqana
Kikubaaqudgha
Makhleb
Nemelex Xobeh
Okawaru
Qazlal
Ru
Sif Muna
Trog
Uskayaw
Vehumet
Wu Jian
Xom
Yredelemnul
Zin
The Shining One
Beogh
Jiyva
Lugonu


Innate Abilities, Weirdness & Mutations

You are completely covered in rugged brown scales. (AC +3, +7% HP)
You have supernaturally acute eyesight. (SInv)
Armour fits poorly on your strangely shaped body.
You can roll at nearby foes to attack.
You have a long armoured tail.
You curl defensively after being hit.


Message History

The soul eater hits you but does no damage.
You hit the soul eater but do no damage.
You tail-slap the soul eater, but do no damage.
The soul eater is moderately wounded.
You block the hell knight's attack.
You completely miss the soul eater.
The soul eater is moderately wounded.
You block the soul eater's attack. You block the hell knight's attack.
The black draconian closely misses you.
You slash the soul eater!
Your tail-slap misses the soul eater.
The soul eater is heavily wounded.
The hell knight casts a spell.
The hell knight blinks!
The soul eater hits you but does no damage.
You slash the soul eater!
You tail-slap the soul eater, but do no damage.
The soul eater is heavily wounded.
The hell knight casts a spell.
The hell knight blinks!
The black draconian hits you from afar with a +0 glaive!
The soul eater draws from the surrounding life force!
The soul eater is healed.
The hell knight points at you and mumbles some strange words.
The bolt of fire hits the hell knight.
The hell knight completely resists.
The bolt of fire hits you!!
* * * LOW HITPOINT WARNING * * *
The hell knight gestures wildly while chanting.
The hell knight blinks!
You cannot blink because you are locked down by a dimension anchor.
There are monsters nearby!
There are monsters nearby!
Okay, then.
Unknown command.
You can now deal lightning-fast blows.
The hell knight hits you but does no damage.
The shadow dragon breathes negative energy at you.
The bolt of negative energy hits the soul eater but does no damage.
The soul eater completely resists.
The bolt of negative energy hits you!!
You feel drained.
You die...

#### .. .. #..# #.# . ##..# ...##
. #...# .....###. ##...#
.....p.)#####..#.#
#.....))p'......#
#.##...)§D#p..##.#
#.......d'3@....#
........#####..#.######++####
.....###. ##...##.......... ...##
.H #...##.......... #. ..V
##.)''..#....#.. . ...2
#..''.....).... #####
#####[.).......
#######################).#....#..
#.............)......''..........


You could see a shadow dragon (catching breath), a black draconian, 3 hell
knights and a soul eater.

Vanquished Creatures
  A deep elf master archer (D)
  A deep elf blademaster (D)
  Polyphemus (D)
  Gastronok (D)
  A storm dragon (D)
  Ilsuiw (D)
  2 nagarajas (D)
  A rockslime (D)
  A deep elf sorcerer (D)
  A frost giant (D)
  An emperor scorpion (D)
  An ophan (D)
  A stone giant (D)
  A dire elephant (D)
  2 white draconians (D)
  An ettin (D)
  2 merfolk javelineers (D)
  2 boulder beetles (D)
  2 great orbs of eyes (D)
  An ogre mage (D)
  A death knight (D)
  An alligator snapping turtle (D)
  A merfolk aquamancer (D)
  5 two-headed ogres (D)
  4 death yaks (D)
  A vampire mage (D)
  2 hell knights (D)
  A sun demon (D)
  3 skeletal warriors (D)
  A shadow wraith (D)
  A death drake (D)
  A spriggan druid (D)
  A necromancer (D)
  A phantasmal warrior (D)
  3 deep elf zephyrmancers (D)
  An orc sorcerer (D)
  4 harpies (D)
  2 orc knights (D)
  A cyclops (D)
  A rust devil (D)
  19 elephants (D)
  3 merfolk sirens (D)
  2 guardian serpents (D)
  2 smoke demons (D)
  An orange demon (D)
  An unseen horror (D)
  An efreet (D)
  3 ice devils (D)
  2 hellwings (D)
  2 red devils (D)
  2 wandering mushrooms (D)
  A polar bear (D)
  A merfolk (D)
  2 hornets (D)
  4 blink frogs (D)
  A slime creature (D)
  7 dream sheep (D)
  A large abomination (D)
  2 snapping turtles (D)
  3 redbacks (D)
  2 spriggans (D)
  A tarantella (D)
  2 shadows (D)
  4 water elementals (D)
  A fire bat (D)
  2 ynoxinuls (D)
  6 yaks (D)
  A steam dragon (D)
  A warg (D)
  A floating eye (D)
  10 hell hounds (D)
  2 sky beasts (D)
  2 orc warriors (D)
  A black bear (D)
  2 centaurs (D)
  A wolf (D)
  2 kobold brigands (D)
  A bullfrog (D)
  An earth elemental (D)
  11 killer bees (D)
  8 wights (D)
  A quasit (D)
  A gnoll shaman (D)
  An orc priest (D)
  An orc wizard (D)
  An iguana (D)
  6 gnolls (D)
  A river rat (D)
  An ufetubus (D)
  An adder zombie (D)
  An adder simulacrum (D)
  6 orcs (D)
  An endoplasm (D)
  2 hobgoblins (D)
  2 quokkas (D)
  A quokka simulacrum (D)
  A rat (D)
211 creatures vanquished.

Notes
Turn   | Place    | Note
-------+----------+-------------------------------------------
     0 | D        | MikeHunt the Palentonga Fighter began the quest for the
                  | Orb.
     0 | D        | Reached XP level 1. HP: 19/19 MP: 1/1
    20 | D        | Found a bloodstained altar of Trog.
    20 | D        | Found a shimmering blue altar of Sif Muna.
    20 | D        | Found a viscous altar of Jiyva.
    20 | D        | Found a hazy altar of Hepliaklqana.
    20 | D        | Found an opulent altar of Gozag.
    21 | D        | Found a glowing golden altar of the Shining One.
    21 | D        | Found a glowing silver altar of Zin.
    21 | D        | Found a basalt altar of Yredelemnul.
    21 | D        | Found a shimmering altar of Xom.
    21 | D        | Found an ornate altar of the Wu Jian Council.
    21 | D        | Found a sacrificial altar of Ru.
    21 | D        | Found a stormy altar of Qazlal.
    21 | D        | Found an iron altar of Okawaru.
    21 | D        | Found a sparkling altar of Nemelex Xobeh.
    21 | D        | Found a burning altar of Makhleb.
    21 | D        | Found a blossoming altar of Fedhas.
    21 | D        | Found a white marble altar of Elyvilon.
    21 | D        | Found a shadowy altar of Dithmenos.
    21 | D        | Found a snail-covered altar of Cheibriados.
    22 | D        | Found a radiant altar of Vehumet.
    22 | D        | Found a corrupted altar of Lugonu.
    23 | D        | Found a hide-covered altar of Uskayaw.
    23 | D        | Found an ancient bone altar of Kikubaaqudgha.
    23 | D        | Found a broken altar of Ashenzari.
    27 | D        | Became a worshipper of Warmaster Okawaru
   213 | D        | Reached XP level 2. HP: 24/25 MP: 2/2
   368 | D        | Reached skill level 5 in Axes
   368 | D        | Reached XP level 3. HP: 20/31 MP: 3/3
   529 | D        | Noticed a wolf
   530 | D        | Noticed a fire bat
   530 | D        | Noticed a sky beast
   532 | D        | Noticed a black bear
   534 | D        | HP: 1/31 [fire bat (9)]
   549 | D        | Killed a fire bat
   549 | D        | Reached * piety under Okawaru
   549 | D        | Reached ** piety under Okawaru
   550 | D        | Reached XP level 4. HP: 15/37 MP: 4/4
   550 | D        | Reached XP level 5. HP: 17/43 MP: 5/5
   555 | D        | Killed a wolf
   556 | D        | Reached XP level 6. HP: 21/50 MP: 6/6
   561 | D        | Killed a sky beast
   562 | D        | Reached skill level 10 in Axes
   578 | D        | Reached skill level 1 in Invocations
   596 | D        | Reached *** piety under Okawaru
   597 | D        | Gained mutation: You curl defensively after being hit.
                  | [Palentonga growth]
   597 | D        | Reached XP level 7. HP: 27/55 MP: 5/10
   788 | D        | Reached skill level 5 in Invocations
   804 | D        | Noticed a slime creature
   808 | D        | Killed a slime creature
  1000 | D        | Noticed a redback
  1012 | D        | Reached XP level 8. HP: 38/62 MP: 11/14
  1128 | D        | Noticed an elephant
  1142 | D        | Killed an elephant
  1142 | D        | Reached **** piety under Okawaru
  1143 | D        | Reached skill level 10 in Invocations
  1148 | D        | Noticed an unseen horror
  1148 | D        | Noticed a dream sheep
  1153 | D        | Noticed a dream sheep
  1154 | D        | Noticed a dream sheep
  1158 | D        | Noticed a dream sheep
  1167 | D        | Reached XP level 9. HP: 60/67 MP: 16/16
  1167 | D        | Reached ***** piety under Okawaru
  1167 | D        | Killed an unseen horror
  1168 | D        | Reached skill level 15 in Axes
  1177 | D        | Reached skill level 1 in Dodging
  1179 | D        | Reached skill level 4 in Fighting
  1186 | D        | Reached skill level 5 in Fighting
  1189 | D        | Identified the +0 barding of the Trees {god gift, rElec rC+
                  | Int-5 Dex+4} (Okawaru gifted it to you in the Dungeon)
  1189 | D        | Received a gift from Okawaru
  1192 | D        | Reached skill level 6 in Fighting
  1192 | D        | Reached skill level 5 in Armour
  1192 | D        | Reached XP level 10. HP: 81/81 MP: 17/17
  1251 | D        | Reached skill level 7 in Fighting
  1251 | D        | Reached skill level 5 in Dodging
  1482 | D        | Noticed a smoke demon
  1487 | D        | Killed a smoke demon
  1600 | D        | Noticed a deep elf zephyrmancer
  1601 | D        | Noticed a death yak
  1622 | D        | Killed a death yak
  1623 | D        | Reached skill level 8 in Fighting
  1637 | D        | Killed a deep elf zephyrmancer
  1638 | D        | Reached skill level 9 in Fighting
  1861 | D        | Noticed an elephant
  1861 | D        | Noticed an elephant
  1861 | D        | Noticed an elephant
  1861 | D        | Noticed an elephant
  1861 | D        | Noticed an elephant
  1861 | D        | Noticed a phantasmal warrior
  1861 | D        | Noticed an elephant
  1875 | D        | Killed an elephant
  1877 | D        | Killed an elephant
  1878 | D        | Reached skill level 10 in Fighting
  1879 | D        | Killed a phantasmal warrior
  1879 | D        | Identified the +9 hunting sling "Extup" {god gift, freeze,
                  | Dex+5} (Okawaru gifted it to you in the Dungeon)
  1879 | D        | Received a gift from Okawaru
  1880 | D        | Reached XP level 11. HP: 77/97 MP: 18/18
  1901 | D        | Reached skill level 11 in Fighting
  1955 | D        | Noticed Gastronok
  2011 | D        | Reached skill level 10 in Armour
  2020 | D        | Reached ****** piety under Okawaru
  2080 | D        | Killed Gastronok
  2081 | D        | Reached skill level 12 in Fighting
  2081 | D        | Reached skill level 10 in Dodging
  2128 | D        | Noticed an orc knight
  2129 | D        | Noticed an orc sorcerer
  2152 | D        | Killed an orc knight
  2161 | D        | Killed an orc sorcerer
  2161 | D        | Received a gift from Okawaru
  2163 | D        | Noticed a deep elf zephyrmancer
  2180 | D        | Killed a deep elf zephyrmancer
  2187 | D        | Reached skill level 13 in Fighting
  2406 | D        | Noticed a death knight
  2436 | D        | Killed a death knight
  2437 | D        | Reached XP level 12. HP: 58/112 MP: 17/19
  2620 | D        | Noticed a two-headed ogre
  2620 | D        | Noticed a boulder beetle
  2621 | D        | Noticed an ogre mage
  2621 | D        | Noticed a two-headed ogre
  2621 | D        | Noticed a two-headed ogre
  2621 | D        | Noticed a two-headed ogre
  2621 | D        | Noticed a two-headed ogre
  2627 | D        | Killed a two-headed ogre
  2631 | D        | Killed an ogre mage
  2636 | D        | Killed a two-headed ogre
  2637 | D        | Killed a two-headed ogre
  2638 | D        | Reached skill level 14 in Fighting
  2645 | D        | Killed a two-headed ogre
  2654 | D        | Killed a two-headed ogre
  2666 | D        | Killed a boulder beetle
  2760 | D        | Reached skill level 15 in Fighting
  2771 | D        | Noticed Ilsuiw
  2771 | D        | Noticed a merfolk javelineer
  2808 | D        | Killed a merfolk javelineer
  2835 | D        | Killed Ilsuiw
  3085 | D        | Noticed a great orb of eyes
  3085 | D        | Noticed a frost giant
  3090 | D        | Paralysed by a great orb of eyes for 4 turns
  3104 | D        | Killed a great orb of eyes
  3105 | D        | Reached XP level 13. HP: 118/125 MP: 13/20
  3107 | D        | Killed a frost giant
  3108 | D        | Reached skill level 16 in Fighting
  3117 | D        | Identified the +0 robe "Acee" {god gift, Str+5} (Okawaru
                  | gifted it to you in the Dungeon)
  3117 | D        | Received a gift from Okawaru
  3130 | D        | Noticed a deep elf blademaster
  3130 | D        | Noticed an emperor scorpion
  3161 | D        | Killed a deep elf blademaster
  3179 | D        | Killed an emperor scorpion
  3181 | D        | Got the amulet "Uppub" {Faith rN+ Str+3}
  3191 | D        | Got Ogaef's Collected Works on Venom and Darkness
  3874 | D        | Reached skill level 17 in Fighting
  3914 | D        | Noticed a merfolk javelineer
  4055 | D        | Noticed a nagaraja
  4064 | D        | Killed a nagaraja
  4065 | D        | Reached skill level 15 in Armour
  4083 | D        | Killed a merfolk javelineer
  4083 | D        | Received a gift from Okawaru
  4399 | D        | Noticed a white draconian
  4400 | D        | Noticed Polyphemus
  4435 | D        | Killed a white draconian
  4436 | D        | Reached skill level 15 in Dodging
  4507 | D        | Killed Polyphemus
  4580 | D        | Reached XP level 14. HP: 121/138 MP: 21/21
  4600 | D        | Noticed a deep elf master archer
  4626 | D        | Reached skill level 18 in Fighting
  4641 | D        | Killed a deep elf master archer
  4664 | D        | Received a gift from Okawaru
  4774 | D        | Noticed a rockslime
  4799 | D        | Killed a rockslime
  4830 | D        | Noticed an ophan
  4882 | D        | Reached skill level 19 in Fighting
  4891 | D        | Killed an ophan
  4909 | D        | Received a gift from Okawaru
  5017 | D        | Noticed a deep elf sorcerer
  5050 | D        | Noticed a stone giant
  5075 | D        | Killed a stone giant
  5245 | D        | Killed a deep elf sorcerer
  5274 | D        | Noticed a storm dragon
  5304 | D        | Noticed a nagaraja
  5308 | D        | Killed a storm dragon
  5309 | D        | Reached skill level 20 in Fighting
  5322 | D        | Killed a nagaraja
  5322 | D        | Noticed a shadow dragon
  5333 | D        | Killed from afar by a shadow dragon

Illustrated notes

Levels and vault maps discovered:
D:        pitsprint [storerooms_1, entrance_room_1, metal_vault_5, armoury_1,
          mini_pit_1, grid_room_1, main_hall_1, silver_pit, the_coven_1,
          the_vestibule_1, steel_vault_2, golden_pit, hallway_of_sentries,
          crystal_vault_2, iron_vault_1, final_vault]

Skill      XL: |  1  2  3  4  5  6  7  8  9 10 11 12 13 14 |
---------------+-------------------------------------------+-----
Axes           | 4 5 8 9 10 12 14 16 17 18 | 18.0
Shields        | 3 4 7 9 |  9.0
Invocations    | 4 8 10 | 10.0
Dodging        | 4 8 11 13 15 17 | 17.3
Fighting       | 6 10 13 15 17 20 | 20.2
Armour         | 5 8 11 13 15 17 | 17.5

Action                   |  1- 3 |  4- 6 |  7- 9 | 10-12 | 13-15 || total
-------------------------+-------+-------+-------+-------+-------++-------
Melee: War axe           |    37 |    40 |   114 |   438 |   499 ||  1128
       Tailslap          |     2 |     3 |    17 |   112 |   130 ||   264
       Broad axe         |       |       |       |       |    52 ||    52
 Fire: Hunting sling     |       |       |       |     9 |       ||     9
Invok: Heroism           |       |     2 |     3 |    10 |     9 ||    24
       Finesse           |       |       |       |     3 |     3 ||     6
 Abil: Rolling Charge    |       |       |       |     1 |     4 ||     5
  Use: Potion            |     4 |     2 |     1 |     6 |     6 ||    19
 Stab: Invisible         |       |     3 |       |    16 |       ||    19
       Sleeping          |       |       |     1 |       |       ||     1
Armor: Scale mail        |    23 |     8 |     9 |       |       ||    40
       Chain mail        |       |       |    11 |   153 |   196 ||   360
Dodge: Dodged            |    14 |    13 |    26 |   152 |   210 ||   415
Block: Kite shield       |    29 |    20 |    67 |   240 |   341 ||   697

Table legend: (Time is in decaauts)
 A = Elapsed time spent in this place.
 B = Non-inter-level travel time spent in this place.
 C = Inter-level travel time spent in this place.
 D = Time resting spent in this place.
 E = Time spent auto-exploring this place.
 F = Levels seen in this place.
 G = Mean time per level.
                   A        B        C        D        E       F      G
               +--------+--------+--------+--------+--------+-----+--------+
         Total |   4993 |   4943 |     50 |   2760 |      0 |   1 | 4993.0 |
       Dungeon |   4993 |   4943 |     50 |   2760 |      0 |   1 | 4993.0 |
               +--------+--------+--------+--------+--------+-----+--------+

Top non-repeatable levels by time:
       D: 4993 daAuts
